 Dungeon Crawl Stone Soup version 0.24.0-28-g17ded55e90 (webtiles) character file.

Game seed: 152815871085133275, levelgen mode: deterministic

23 Delamore the Chopper (level 2, 0/26 HPs)
             Began as a Hill Orc Fighter on Nov 13, 2019.
             Slain by an orc
             ... wielding a +0 mace
              (3 damage)
             ... on level 3 of the Dungeon.
             The game lasted 00:00:47 (599 turns).

Delamore the Chopper (Hill Orc Fighter)              Turns: 599, Time: 00:00:48

Health: 0/26       AC:  6    Str: 18    XL:     2   Next: 95%
Magic:  2/2        EV:  7    Int:  8    God:
Gold:   67         SH:  9    Dex: 10    Spells: 1/1 levels left

rFire    . . .     SeeInvis .   a - +0 war axe
rCold    . . .     Gourm    .   c - +0 shield
rNeg     . . .     Faith    .   b - +0 scale mail
rPois    .         Spirit   .   (no helmet)
rElec    .         Reflect  .   (no cloak)
rCorr    .         Harm     .   (no gloves)
MR       .....                  (no boots)
Stlth    ..........             (no amulet)
HPRegen  0.08/turn              (no ring)
MPRegen  0.08/turn              (no ring)

@: no status effects
A: no striking features
a: no special abilities


You were on level 3 of the Dungeon.
You were not hungry.

You visited 1 branch of the dungeon, and saw 3 of its levels.

You collected 67 gold pieces.

Inventory:

Hand Weapons
 a - a +0 war axe (weapon)
Missiles
 e - 11 poisoned darts (quivered)
Armour
 b - a +0 scale mail (worn)
 c - a +0 shield (worn)
Scrolls
 g - a scroll of teleportation {unknown}
 j - 3 scrolls of identify {unknown}
Potions
 d - a potion of might
 h - a potion of resistance {unknown}
 i - a potion of magic {unknown}
 k - a potion of ambrosia {unknown}
Comestibles
 f - 3 rations


   Skills:
 - Level 3.6 Fighting
 + Level 4.5 Axes
 - Level 3.2 Armour
 - Level 3.2 Shields


You had one spell level left.
You didn't know any spells.
Your spell library was empty.

Dungeon Overview and Level Annotations

Branches:
Dungeon (2/15)

Altars:


Message History

The orc is moderately wounded.
You barely miss something.
The orc wizard mumbles some strange words.
The orc wizard seems to speed up.
The orc hits you but does no damage. Something hits you but does no damage.
You hit the orc.
You kill the orc!
You barely miss something. Something hits you.
The orc wizard hits you with a +0 dagger.
Something hits you.
You closely miss the orc wizard. You closely miss something.
You block the orc wizard's attack. x2; Something hits you but does no damage.
You closely miss the orc wizard. You miss something. You hit the orc.
The orc wizard hits you with a +0 dagger.
* * * LOW HITPOINT WARNING * * *
You block the orc's attack.
The orc wizard hits you with a +0 dagger.
* * * LOW HITPOINT WARNING * * *
Something hits you but does no damage. The orc hits you with a +0 mace.
You die...

.. #. #. #. #
#.######.#
........#
..#####.......#
......o@......#
#.####o{....#..
#......#
.......#
###+#####


You could see an orc wizard and an orc.

Vanquished Creatures
  A leopard gecko (D:1)
  An orc (D:3)
  5 bats (D:1)
  2 giant cockroaches (D:1)
  2 goblins (D:1)
  A hobgoblin (D:1)
  3 kobolds
  A frilled lizard (D:1)
  2 rats (D:1)
18 creatures vanquished.

Vanquished Creatures (others)
  5 toadstools (D:1)
5 creatures vanquished.

Grand Total: 23 creatures vanquished

Notes
Turn   | Place    | Note
-------+----------+-------------------------------------------
     0 | D:1      | Delamore the Hill Orc Fighter began the quest for the Orb.
     0 | D:1      | Reached XP level 1. HP: 19/19 MP: 1/1
    31 | D:1      | Reached skill level 3 in Axes
    63 | D:1      | Reached XP level 2. HP: 19/26 MP: 2/2
   238 | D:1      | Reached skill level 4 in Axes
   587 | D:2      | Found a faded altar of an unknown god.
   588 | D:2      | You fall into a shaft and drop 1 floor!
   599 | D:3      | Slain by an orc

Levels and vault maps discovered:
D:1:      ldierk_walled_garden, layout_basic, minmay_misc_feat_ornament
D:2:      minmay_recursive_quarters, layout_loops_ring,
          chequers_ecumenical_altar_lobes, kennysheep_another_room,
          uniq_sigmund, uniq_crazy_yiuf_cottage
D:3:      layout_basic, lemuel_crystal_altar, minmay_misc_feat_four_crosses

Skill      XL: |  1  2 |
---------------+-------+-----
Axes           | 3 4 |  4.5
Fighting       | |  3.6
Armour         | |  3.2
Shields        | |  3.2

Action                   || total
-------------------------++-------
Melee: War axe           ||    45
Armor: Scale mail        ||    23
Dodge: Dodged            ||    10
Block: Shield            ||    19
